 Dungeon Crawl Stone Soup version 0.29.0 (webtiles) character file.

Game seed: 17050812868093877121

430 lyrin the Cutter (level 6, -2/70 HPs)
             Began as a Demonspawn Brigand on Sept 3, 2022.
             Was an Initiate of Dithmenos.
             Slain by a phantom (3 damage)
             ... on level 4 of the Dungeon.
             The game lasted 00:05:48 (4307 turns).

lyrin the Cutter (Demonspawn Brigand)               Turns: 4307, Time: 00:05:48

Health: -2/70      AC: 10    Str: 11    XL:     6   Next: 66%
Magic:  6/6        EV: 10    Int: 12    God:    Dithmenos [......]
Gold:   185        SH:  0    Dex: 17    Spells: 5/5 levels left

rFire   + . .      SeeInvis .   g - +4 dagger
rCold   . . .      Faith    .   (no shield)
rNeg    . . .      Spirit   .   h - +0 ring mail
rPois   .          Reflect  .   (no helmet)
rElec   .          Harm     .   f - +2 cloak
rCorr   .          Rampage  .   (no gloves)
Will    .....                   r - +0 pair of boots
Stlth   ..........              (no amulet)
HPRegen 0.21/turn               c - ring of protection from fire
MPRegen 0.10/turn               (no ring)

@: mighty, berserking, lethally poisoned (-2 -> -7), very quick
A: powered by pain 1, sharp scales 1, weakness stinger 1
a: Renounce Religion


You were on level 4 of the Dungeon.
You worshipped Dithmenos.
Dithmenos was noncommittal.
You visited 1 branch of the dungeon, and saw 4 of its levels.

You collected 185 gold pieces.

Inventory:

Hand Weapons
 a - a +2 dagger
 g - a +4 dagger (weapon)
Missiles
 d - 11 poisoned darts
 e - a curare-tipped dart (quivered)
Armour
 f - a +2 cloak (worn)
 h - a +0 ring mail (worn)
 r - a +0 pair of boots (worn)
Jewellery
 c - a ring of protection from fire (left hand)
Scrolls
 b - 2 scrolls of identify {unknown}
 j - 3 scrolls of fear {unknown}
 l - a scroll of acquirement {unknown}
 m - a scroll of immolation {unknown}
Potions
 i - 5 potions of attraction
 k - a potion of might
 o - a potion of heal wounds {unknown}
 p - a potion of invisibility {unknown}
 q - a potion of lignification {unknown}
 s - a potion of mutation {unknown}


   Skills:
 + Level 3.4 Fighting
 + Level 4.6 Short Blades
 + Level 2.0 Throwing
 + Level 3.0 Armour
 + Level 1.6 Dodging
 - Level 3.6 Stealth


You had 5 spell levels left.
You didn't know any spells.
Your spell library contained the following spells:

 Spells                   Type           Power      Damage    Failure   Level
 Foxfire                  Conj/Fire      0%         2x1d4     58%         1


Dungeon Overview and Level Annotations

Branches:
Dungeon (4/15)
 Temple: D:4-7

Altars:
Cheibriados
Dithmenos
Kikubaaqudgha
Sif Muna
Vehumet

Annotations:
D:4 3 runed translucent doors, Grinder; Ozzieoiler's ghost, novice OpEn


Innate Abilities, Weirdness & Mutations

You sometimes gain a little power by taking damage.
You are partially covered in razor-sharp scales. (AC +1, Slay +1)
You have a small tail.


Message History

A phantom comes into view.
Throw: 2 darts (curare)
Press: ? - help, Q - select action, (/) - cycle Shift-Dir - straight line, f/p - Grinder
Aim: Grinder (almost dead, 60% to hit)
You throw a curare-tipped dart. The curare-tipped dart hits Grinder.
Grinder is almost dead.
Grinder says, "I used to sell toenails on the black market."
Grinder gestures at you.
You suddenly lose the ability to move!
Grinder blinks!
The phantom hits you but does no damage.
You can move again.
Unknown command.
You hit the phantom.
The phantom is lightly damaged.
You barely miss the phantom.
The phantom is lightly damaged.
The phantom barely misses you.
The kobold shouts!
You hit the phantom.
The phantom is lightly damaged.
Grinder gestures at you. Pain shoots through your body!
* * * LOW HITPOINT WARNING * * *
The phantom hits you but does no damage.
The kobold throws a poisoned dart.
The poisoned dart barely misses you.
It was a potion of might.
You feel very mighty all of a sudden. The phantom hits you.
* * * LOW HITPOINT WARNING * * *
The phantom blinks!
You blink.
The kobold throws a poisoned dart.
The poisoned dart hits you!
You are lethally poisoned!
Grinder blinks!
It was a potion of berserk rage.
A red film seems to cover your vision as you go berserk!
You feel yourself moving faster!
You feel mighty!
* * * LOW HITPOINT WARNING * * *
You feel sick. The phantom hits you.
You die...

.# .# .# ### .# ##... .#
######...## .#
##.......... .#######
#..≈≈≈≈≈≈≈≈≈ .......#
#..≈.§.....≈ .#####†#
##..≈@≈.≈≈≈.≈
.#####.#####...≈W≈..§§§.
..........)>.#.≈.§._§§.≈
######.####(...≈.≈..§§.≈
#.# #....≈.≈≈≈≈≈.≈ #.#
#..#.≈.((.((.≈ #.#
#..#.≈≈≈≈≈≈≈≈≈ #.#
#....§...(5..K
#..........#...####


You could see Grinder, a phantom and a kobold.

Vanquished Creatures
  A scorpion (D:4)
  An orc priest (D:4)
  Jessica (D:2)
  An iguana (D:3)
  6 orc wizards (D:3)
  4 gnolls (D:4)
  2 adders (D:4)
  A worm (D:4)
  A dart slug (D:1)
  6 orcs
  8 endoplasms
  4 giant cockroaches
  6 goblins
  2 hobgoblins
  6 jackals
  4 quokkas
  10 ball pythons
  6 bats
  5 frilled lizards
  9 kobolds
  4 rats
88 creatures vanquished.

Vanquished Creatures (others)
  2 plants (D:1)
2 creatures vanquished.

Grand Total: 90 creatures vanquished

Notes
Turn   | Place    | Note
-------+----------+-------------------------------------------
     0 | D:1      | lyrin the Demonspawn Brigand began the quest for the Orb.
     0 | D:1      | Reached XP level 1. HP: 16/16 MP: 1/1
   263 | D:1      | Reached skill level 2 in Short Blades
   371 | D:1      | Found a faded altar of an unknown god.
   476 | D:1      | Gained mutation: You have a small tail. [demonic ancestry]
   476 | D:1      | Reached XP level 2. HP: 13/22 MP: 2/2
  1005 | D:1      | Reached XP level 3. HP: 27/28 MP: 3/3
  1662 | D:2      | Noticed Jessica
  1677 | D:2      | Killed Jessica
  1678 | D:2      | Reached skill level 3 in Short Blades
  1678 | D:2      | Reached skill level 1 in Dodging
  1678 | D:2      | Gained mutation: You sometimes gain a little power by
                  | taking damage. [demonic ancestry]
  1678 | D:2      | Reached XP level 4. HP: 22/34 MP: 4/4
  2476 | D:3      | Reached skill level 1 in Armour
  2965 | D:3      | Found a shimmering blue altar of Sif Muna.
  2975 | D:3      | Gained mutation: You are partially covered in razor-sharp
                  | scales. (AC +1, Slay +1) [demonic ancestry]
  2975 | D:3      | Reached XP level 5. HP: 39/40 MP: 5/5
  2985 | D:3      | Found an ancient bone altar of Kikubaaqudgha.
  3095 | D:3      | Found a radiant altar of Vehumet.
  3099 | D:3      | Reached skill level 4 in Short Blades
  3102 | D:3      | Got Vehumet's Secrets of Hurting
  3249 | D:4      | Found a runed translucent gate.
  3262 | D:4      | Found a runed translucent gate.
  3262 | D:4      | Noticed Ozzieoiler's ghost (novice OpEn)
  3263 | D:4      | Found a runed translucent gate.
  3495 | D:4      | Reached XP level 6. HP: 38/47 MP: 6/6
  3961 | D:4      | Found a shadowy altar of Dithmenos.
  3984 | D:4      | Became a worshipper of Dithmenos the Shadowed
  4063 | D:4      | Noticed Grinder
  4075 | D:4      | Found a snail-covered altar of Cheibriados.
  4280 | D:4      | Paralysed by Grinder for 3 turns
  4299 | D:4      | Paralysed by Grinder for 3 turns
  4306 | D:4      | HP: 2/47 [phantom (4)]
  4307 | D:4      | Slain by a phantom

Illustrated notes

Levels and vault maps discovered:
D:1:      minmay_arrival_shattered_statue, layout_basic,
          hellmonk_ecumenical_altar_leap_of_faith, chequers_big_river,
          hangedman_feature_mirror
D:2:      layout_basic, uniq_jessica
D:3:      layout_rooms, palyth_temple_overflow_mages
D:4:      layout_loops_ring, mainiacjoe_overflow_chevrons,
          mainiacjoe_overflow_concentric_impassable, gammafunk_ghost_split,
          uniq_grinder

Skill      XL: |  1  2  3  4  5  6 |
---------------+-------------------+-----
Short Blades   | 2 3 4 |  4.6
Throwing       | 2 |  2.0
Dodging        | 1 |  1.6
Armour         | 1 2 3 |  3.0
Fighting       | 3 |  3.4
Stealth        | |  3.6

Action                   |  1- 3 |  4- 6 || total
-------------------------+-------+-------++-------
Melee: Dagger            |    94 |   169 ||   263
       Tailslap          |     7 |    22 ||    29
       Punch             |       |     3 ||     3
Throw: Dart              |       |     9 ||     9
  Use: Potion            |     3 |     2 ||     5
 Stab: Sleeping          |     5 |     6 ||    11
Armor: Robe              |     5 |       ||     5
       Ring mail         |    31 |    68 ||    99
Dodge: Dodged            |    36 |    55 ||    91
